AoeStats
← kkkg

MegaRandom

505334364Analyzed
2v2 RM · 23d ago on Sep 8, 2026· 23m 21s· 4 players
Game mode
Random Map
Map size
Medium (4 player)
Population
200
Speed
Normal
Resources
Standard
Victory
Conquest
Starting age
Dark Age
Ending age
Imperial Age
RankedLock teamsTeams togetherTeam positionsShared explorationLock speedFull tech treeHidden civsTurbo modeCheats
Victory
Defeat
🇲🇽 Teutons · Mexico
1088
+14
🇺🇸 Portuguese · United States
1031
+17
🇨🇳 Bulgarians · China
1066
-16
🇺🇸 Ethiopians · United States
1034
-15
MapleMilk0_0
5:03 Loom
13:09 Feudal Age
13:53 Double-Bit Axe
14:00 Gold Mining
13:53 Horse Collar
15:32 Fletching
16:39 Wheelbarrow
21:32 Castle Age
kkkg
10:41 Feudal Age
12:29 Double-Bit Axe
18:02 Castle Age
17:49 Fishing Lines
19:59 Gillnets
23:28 Fervor
DrJorgexx
5:08 Loom
11:57 Feudal Age
17:11 Castle Age
15:32 Double-Bit Axe
16:05 Scale Barding Armor
17:53 Gold Mining
18:49 Horse Collar
23:00 Wheelbarrow
22:43 Bloodlines
shortsnorter
6:20 Loom
13:16 Feudal Age
16:39 Castle Age
14:32 Double-Bit Axe
15:58 Stone Mining
16:59 Wheelbarrow
18:10 Medium Warships
21:31 Fletching
Connection lost

Rejoining the realm…

Still unreachable

The connection could not be restored.

Session expired

The server has moved on; the page needs a fresh start.